 Dungeon Crawl Stone Soup version 0.32-a0-834-geaf45d8e21 (webtiles) character file.

Game seed: 16550907326572087083

473 Maxmaps the Insei (level 7, -1/46 HPs)
             Began as an Octopode Monk on Mar 26, 2024.
             Slain by an ogre
             ... wielding a +0 giant spiked club
              (10 damage)
             ... on level 4 of the Dungeon.
             The game lasted 00:03:03 (2791 turns).

Maxmaps the Insei (Octopode Monk)                   Turns: 2791, Time: 00:03:03

Health: -1/46      AC:  1    Str: 11    XL:     7   Next: 10%
Magic:  7/7        EV: 13    Int: 14    God:
Gold:   224        SH:  0    Dex: 14    Spells: 6/6 levels left

rFire   . .          .
                       - Unarmed
rCold   . . .        (no shield)
rNeg    . . .        (helmet restricted)
rPois   .            (no amulet)
rElec   .            (no ring)
rCorr   .            (no ring)
SInv    .            (no ring)
Will    .....        (no ring)
Stlth   +++          (no ring)
HPRegen 0.27/turn    (no ring)
MPRegen 0.10/turn    (no ring)
                     (no ring)

%: no passive effects
@: no status effects
A: almost no armour, amphibious, 8 rings, camouflage 1, gelatinous body 1,
(nimble swimmer 1), tentacles
a: no special abilities


You were on level 4 of the Dungeon.
You visited 1 branch of the dungeon, and saw 4 of its levels.

You collected 224 gold pieces.

Inventory:

Armour
 b - an orb of light
Scrolls
 e - 2 scrolls of teleportation
 g - a scroll of silence {unknown}
 h - 2 scrolls of identify
 i - a scroll of amnesia
Potions
 a - a potion of magic
 c - a potion of lignification {unknown}
 d - a potion of haste {unknown}
 f - a potion of curing {unknown}


   Skills:
 - Level 3.0 Fighting
 + Level 3.4 Dodging
 - Level 3.1 Stealth
 - Level 7.2 Unarmed Combat


You had 6 spell levels left.
You didn't know any spells.
Your spell library contained the following spells:

 Spells                   Type           Power      Damage    Failure   Level
 Sting                    Conj/Alch      0%         1d3       28%         1
 Mercury Vapours          Alch/Air       0%         N/A       41%         2
 Olgreb's Toxic Radiance  Alch           0%         N/A       96%         4


Dungeon Overview and Level Annotations

Branches:
Dungeon (4/15)
 Temple: D:4-7

Altars:
Dithmenos
Fedhas
Hepliaklqana
Nemelex Xobeh
Uskayaw


Innate Abilities, Weirdness & Mutations

You cannot wear most types of armour.
You are amphibious.
You can wear up to eight rings at the same time.
Your skin changes colour to match your surroundings (Stealth+).
Your rubbery body absorbs attacks. (AC +1, EV +1)
((You are camouflaged when in or above water. (Stealth+)))
You have tentacles for arms and can constrict up to eight enemies at once.


Message History

h - a scroll of identify
Found a ring mail.
No target in view!
You see here a +0 ring mail.
Found a stone staircase leading down.
You open the door.
Found a club.
Unknown command.
There is an open door here.
You now have 224 gold pieces (gained 20).
i - a scroll of amnesia You open the door.
There is an open door here.
Found a sparkling altar of Nemelex Xobeh.
No target in view!
h - 2 scrolls of identify (gained 1)
An ogre comes into view. It is wielding a +0 giant spiked club.
Found 5 poisoned darts.
Found a fluorescent wand.
The ogre shouts!
The ogre closely misses you.
You bludgeon the ogre! You squeeze the ogre.
The ogre is heavily wounded.
You tentacle-slap the ogre but do no damage.
You squeeze the ogre.
The ogre is heavily wounded.
The ogre hits you with a +0 giant spiked club!!!
Ouch! That really hurt!
* * * LOW HITPOINT WARNING * * *
You are too injured to fight recklessly!
You are too injured to fight recklessly!
You are too injured to fight recklessly!
An ogre is nearby!
You are too injured to fight recklessly!
You are too injured to fight recklessly!
Okay, then.
You bludgeon the ogre! You squeeze the ogre.
The ogre is almost dead.
The ogre hits you with a +0 giant spiked club!
You die...

#.# #.#######.
#.###.#$....#.
#.....#$.$..#.
#######..#.._..#.
.(.......#.....#.
########.#..$..#/
........###+###.
#######.........
##@#.##### #.O.#
###.# .# #


You could see an ogre.

Vanquished Creatures
  Grinder (D:3)
  A jelly (D:3)
  3 orc priests (D:3)
  2 orc wizards
  3 adders
  A ribbon worm (D:3)
  14 orcs
  A ball python (D:2)
  10 endoplasms
  A giant cockroach (D:1)
  3 goblins
  6 hobgoblins
  3 kobolds
  5 quokkas
  7 bats
  2 frilled lizards (D:3)
  2 rats
65 creatures vanquished.

Notes
Turn   | Place    | Note
-------+----------+-------------------------------------------
     0 | D:1      | Maxmaps the Octopode Monk began the quest for the Orb.
     0 | D:1      | Reached XP level 1. HP: 16/16 MP: 1/1
    37 | D:1      | Reached skill level 1 in Stealth
    48 | D:1      | Reached XP level 2. HP: 1/21 MP: 2/2
   670 | D:2      | Reached XP level 3. HP: 26/26 MP: 3/3
  1095 | D:3      | Reached skill level 4 in Unarmed Combat
  1095 | D:3      | Reached XP level 4. HP: 12/31 MP: 4/4
  1341 | D:3      | Found the +3 pair of seven-league boots {Rampage+∞}
  1362 | D:3      | HP: 1/31 [something/magic dart (6)]
  1377 | D:3      | Reached skill level 5 in Unarmed Combat
  1377 | D:3      | Reached XP level 5. HP: 30/36 MP: 5/5
  1463 | D:3      | Found a blossoming altar of Fedhas.
  1780 | D:3      | Noticed Grinder
  1796 | D:3      | Reached skill level 6 in Unarmed Combat
  1802 | D:3      | Paralysed by Grinder for 3 turns
  1807 | D:3      | Killed Grinder
  1808 | D:3      | Reached skill level 7 in Unarmed Combat
  1808 | D:3      | Reached XP level 6. HP: 22/42 MP: 6/6
  1976 | D:3      | Found a hazy altar of Hepliaklqana.
  2056 | D:3      | Found a hide-covered altar of Uskayaw.
  2056 | D:3      | Found a shadowy altar of Dithmenos.
  2162 | D:3      | Reached XP level 7. HP: 46/46 MP: 7/7
  2779 | D:4      | Found a sparkling altar of Nemelex Xobeh.
  2791 | D:4      | Slain by an ogre

Illustrated notes

Levels and vault maps discovered:
D:1:      spicycebolla_arrival_ecumenical, layout_rooms
D:2:      layout_basic, grunt_decor_cap
D:3:      cheibrodos_pilgrimage, layout_loops_ring,
          mainiacjoe_overflow_24_doors, gammafunk_temple_overflow_elements,
          nzn_hepliaklqana_mist_gate, nicolae_underground_beach, uniq_grinder
D:4:      layout_basic, amcnicky_altar_gilded, serial_bayou_lagoon_a

Skill      XL: |  1  2  3  4  5 |
---------------+----------------+-----
Stealth        | 2 3 |  3.1
Unarmed Combat | 4 5 7 |  7.2
Fighting       | |  3.0
Dodging        | |  3.4

Action                     |  1- 3 |  4- 6 |  7- 9 || total
---------------------------+-------+-------+-------++-------
  Melee: Unarmed           |    64 |    74 |    26 ||   164
         Tentacles         |    10 |    13 |     5 ||    28
         Constrict         |     7 |    15 |     2 ||    24
         Punch             |     2 |     2 |       ||     4
    Use: Potion            |       |     4 |       ||     4
         Scroll            |       |     4 |       ||     4
   Stab: Sleeping          |    11 |     4 |     2 ||    17
 Armour: Skin              |    25 |    40 |    13 ||    78
  Dodge: Dodged            |    39 |    26 |     7 ||    72

Table legend: (Time is in decaauts)
 A = Elapsed time spent in this place.
 B = Non-inter-level travel time spent in this place.
 C = Inter-level travel time spent in this place.
 D = Time resting spent in this place.
 E = Time spent auto-exploring this place.
 F = Levels seen in this place.
 G = Mean time per level.
                   A        B        C        D        E       F      G
               +--------+--------+--------+--------+--------+-----+--------+
         Total |   2775 |   2677 |     98 |    384 |   1845 |   4 |  693.8 |
       Dungeon |   2775 |   2677 |     98 |    384 |   1845 |   4 |  693.8 |
               +--------+--------+--------+--------+--------+-----+--------+

Top non-repeatable levels by time:
     D:3: 1333 daAuts
     D:2: 574 daAuts
     D:1: 510 daAuts
     D:4: 357 daAuts
